 Dungeon Crawl Stone Soup version 0.26-a0-651-gb41185065b (webtiles) character file.

Game seed: 17748228178159050211

3299 slambob the Grappler (level 9, -9/85 HPs)
             Began as a Troll Monk on Oct 1, 2020.
             Mangled by a two-headed ogre
             ... wielding a +0 giant club
              (16 damage)
             ... on level 8 of the Dungeon.
             The game lasted 00:48:53 (7208 turns).

slambob the Grappler (Troll Monk)                   Turns: 7208, Time: 00:48:55

Health: -9/85      AC:  7    Str: 22    XL:     9   Next: 70%
Magic:  8/8        EV: 17    Int:  6    God:
Gold:   332        SH:  0    Dex: 14    Spells: 8/8 levels left

rFire    . . .     SeeInvis .     - Unarmed
rCold    . . .     Faith    .   (no shield)
rNeg     . . .     Spirit   .   x - +1 robe {MR+}
rPois    .         Reflect  .   (helmet restricted)
rElec    .         Harm     .   (no cloak)
rCorr    .         Rampage  .   (gloves unavailable)
MR       +....                  (boots unavailable)
Stlth    ++........             (no amulet)
HPRegen  0.64/turn              q - +4 ring of evasion
MPRegen  0.11/turn              (no ring)

@: no status effects
A: large, unfitting armour, claws 3, regeneration 1, shaggy fur 1, tough skin 3
a: no special abilities


You were on level 8 of the Dungeon.
You visited 1 branch of the dungeon, and saw 8 of its levels.
You also visited: Sewer.

You collected 471 gold pieces.
You spent 139 gold pieces at shops.

Inventory:

Hand Weapons
 A - a +3 dagger of protection
 B - a +0 broad axe
Armour
 a - a +0 robe
 x - a +1 robe of magic resistance (worn)
Jewellery
 e - an uncursed ring of fire
 h - an uncursed ring of ice
 j - an uncursed ring of resist corrosion
 m - an uncursed ring of fire
 q - a +4 ring of evasion (left claw)
 E - an uncursed ring of resist corrosion
Wands
 b - a wand of acid (5)
 g - a wand of polymorph (9)
 r - a wand of flame (8)
 D - a wand of paralysis (9)
Scrolls
 f - a scroll of immolation
 i - 2 scrolls of teleportation
 k - 2 scrolls of blinking {unknown}
 l - 3 scrolls of identify
 n - 3 scrolls of fog
 p - 2 scrolls of amnesia
 w - 2 scrolls of remove curse {unknown}
 y - a scroll of fear {unknown}
 C - a scroll of torment {unknown}
 F - a scroll of magic mapping {unknown}
Potions
 c - a potion of degeneration {unknown}
 d - a potion of might
 o - 3 potions of curing {unknown}
 s - 4 potions of heal wounds
 t - a potion of resistance {unknown}
 u - 4 potions of magic {unknown}
 v - a potion of mutation {unknown}
 z - a potion of ambrosia {unknown}


   Skills:
 + Level 4.3 Fighting
 + Level 0.1 Axes
 + Level 5.6 Dodging
 + Level 3.3 Stealth
 + Level 10.6 Unarmed Combat
 + Level 0.1 Evocations


You had 8 spell levels left.
You didn't know any spells.
Your spell library was empty.

Dungeon Overview and Level Annotations

Branches:
Dungeon (8/15)             Temple (0/1) D:6           Sewer (visited)
   Lair: D:8-11

Altars:
Fedhas
Nemelex Xobeh
Okawaru
Qazlal
Trog
Xom
Yredelemnul
The Shining One

Shops:
D:5 [   D:7 [


Innate Abilities, Weirdness & Mutations

You are too large for most types of armour.
You have claws for hands.
Your natural rate of healing is unusually fast.
You are covered in fur. (AC +1)
You have extremely tough skin. (AC +3)


Message History

You see here an arrow.
You mangle the ufetubus!!
You kill the ufetubus!
You barely miss the two-headed ogre.
The two-headed ogre hits you with a +0 giant club!!
* * * LOW HITPOINT WARNING * * *
The two-headed ogre barely misses you.
An orc wizard comes into view.
It is wielding a +2 dagger of holy wrath.
The centaur unwields a +0 shortbow.
The centaur misses you.
You mangle the centaur!!
The centaur is almost dead.
The two-headed ogre completely misses you.
The two-headed ogre closely misses you. The centaur barely misses you.
You mangle the two-headed ogre!!
The two-headed ogre is heavily wounded.
The centaur misses you.
The orc wizard mumbles some strange words.
The orc wizard blinks!
The two-headed ogre hits you with a +0 giant club!
You die...

r.#.#.#..##.##
......H...#.. #
.s#.#.#.....# #.
............# .##
..#.#.#.....# ยง.
............# .#
>.#.#.#..##5#####.#####.
..............s.Oc......
..# #.#...(...#.@..####
.#. ...##.#...#....# #.#
###...##..## #########


You could see a two-headed ogre, a centaur, a white imp and a giant cockroach.

Vanquished Creatures
  A deep elf mage (D:8)
  Duvessa (D:4)
  An orc warrior (D:6)
  A sky beast (D:5)
  A phantom (D:4)
  A necrophage (D:5)
  3 ogres
  5 centaurs
  5 bullfrogs
  A scorpion (D:8)
  Dowan (D:4)
  2 howler monkeys (D:5)
  4 electric eels (D:7)
  2 jellies
  A centaur skeleton (D:4)
  3 orc priests (D:5)
  4 hounds
  7 orc wizards
  Terence (D:2)
  An iguana (D:5)
  Natasha (twice) (D:2)
  4 worker ants
  A hound zombie (D:5)
  2 worker ant zombies (D:6)
  17 adders
  10 gnolls
  5 river rats (D:6)
  A shadow imp (D:6)
  2 ufetubi
  An adder skeleton (D:4)
  3 worms
  2 dart slugs (D:1)
  3 leopard geckos
  30 orcs
  8 ball pythons
  8 giant cockroaches
  3 goblins
  4 hobgoblins
  14 jackals
  4 quokkas
  6 bats
  4 frilled lizards
  11 kobolds
  10 rats
201 creatures vanquished.

Vanquished Creatures (others)
  10 plants (Sewer)
10 creatures vanquished.

Grand Total: 211 creatures vanquished

Notes
Turn   | Place    | Note
-------+----------+-------------------------------------------
     0 | D:1      | slambob the Troll Monk began the quest for the Orb.
     0 | D:1      | Reached XP level 1. HP: 22/22 MP: 0/0
    73 | D:1      | Reached XP level 2. HP: 17/29 MP: 1/1
   963 | D:2      | Noticed a bullfrog
   988 | D:2      | Killed a bullfrog
   988 | D:2      | Reached XP level 3. HP: 4/37 MP: 2/2
   988 | D:2      | Reached XP level 4. HP: 5/45 MP: 3/3
  1150 | D:2      | Noticed Natasha
  1154 | D:2      | Killed Natasha
  1154 | D:2      | Reached skill level 4 in Unarmed Combat
  1293 | D:2      | Reached XP level 5. HP: 34/53 MP: 4/4
  1366 | D:2      | Noticed Terence
  1375 | D:2      | Killed Terence
  1587 | D:2      | Noticed Natasha
  1592 | D:2      | Killed Natasha
  1933 | D:3      | Reached XP level 6. HP: 61/61 MP: 5/5
  2004 | D:3      | Reached skill level 5 in Unarmed Combat
  2700 | D:4      | Noticed Duvessa
  2700 | D:4      | Noticed Dowan
  2708 | D:4      | Killed Dowan
  2719 | D:4      | Killed Duvessa
  2719 | D:4      | Reached skill level 6 in Unarmed Combat
  2719 | D:4      | Reached XP level 7. HP: 22/67 MP: 6/6
  2903 | D:4      | Found a basalt altar of Yredelemnul.
  3153 | D:4      | Reached skill level 7 in Unarmed Combat
  3278 | D:5      | Entered Level 5 of the Dungeon
  3286 | D:5      | Found a stormy altar of Qazlal.
  3287 | D:5      | Found a bloodstained altar of Trog.
  3288 | D:5      | Found a blossoming altar of Fedhas.
  3290 | D:5      | Found an iron altar of Okawaru.
  3290 | D:5      | Found a shimmering altar of Xom.
  3301 | D:5      | Found a glowing golden altar of the Shining One.
  3425 | D:5      | Found Soiv's Armour Shop.
  3527 | D:5      | Bought a +1 robe of magic resistance for 139 gold pieces
  3574 | D:5      | Reached XP level 8. HP: 78/78 MP: 7/7
  3664 | D:5      | Reached skill level 8 in Unarmed Combat
  4555 | D:6      | Reached skill level 5 in Dodging
  4555 | D:6      | Reached skill level 9 in Unarmed Combat
  4704 | D:6      | Reached XP level 9. HP: 41/83 MP: 8/8
  4919 | D:6      | Found a glowing drain.
  4930 | Sewer    | Entered a sewer
  5281 | D:6      | Found a sparkling altar of Nemelex Xobeh.
  5607 | D:6      | Found a staircase to the Ecumenical Temple.
  6405 | D:7      | Reached skill level 10 in Unarmed Combat
  6931 | D:7      | Found Nodow's Armour Emporium.
  7112 | D:8      | Noticed a deep elf mage
  7145 | D:8      | Noticed a kobold demonologist
  7146 | D:8      | Killed a deep elf mage
  7160 | D:8      | Noticed a soul eater
  7162 | D:8      | Noticed a hellwing
  7163 | D:8      | Noticed a deep elf mage
  7165 | D:8      | Noticed a rust devil
  7203 | D:8      | Noticed a two-headed ogre
  7208 | D:8      | Mangled by a two-headed ogre

Illustrated notes

Levels and vault maps discovered:
D:1:      saegor_arrival_simple_a, layout_loops_ring
D:2:      layout_basic, uniq_terence, uniq_natasha
D:3:      minmay_octagon_keep, layout_basic
D:4:      layout_rooms, lemuel_round_altar, minivault_19, columned_hall_lemuel,
          uniq_duvessa
D:5:      layout_loops_corners, grunt_temple_overflow_open, serial_shops, shop,
          grunt_ministairs_2, serial_bayou_pond_e
D:6:      layout_loops_ring, nemelex_xobeh_ov_fountains_minmay,
          minmay_temple_entry_hall, lightli_sewer_entry_pipes
D:7:      layout_loops_corners, serial_shops, shop, kennysheep_boxes
D:8:      minmay_the_grid_plus [minmay_the_grid_tree, minmay_the_grid_odd_star,
          minmay_the_grid_tri_star, minmay_the_grid_rooms,
          minmay_the_grid_prize_four_corners_diamond_a], layout_cave_pools,
          st_stairs_13, minmay_unpleasant_kobolds

Skill      XL: |  1  2  3  4  5  6  7  8  9 |
---------------+----------------------------+-----
Fighting       | 3 4 |  4.3
Dodging        | 3 4 5 |  5.6
Unarmed Combat | 4 6 7 9 10 | 10.6
Stealth        | 2 3 |  3.3
Axes           | |  0.1
Evocations     | |  0.1

Action                   |  1- 3 |  4- 6 |  7- 9 || total
-------------------------+-------+-------+-------++-------
Melee: Unarmed           |    59 |   135 |   359 ||   553
       Punch             |       |     4 |    10 ||    14
       Broad axe         |       |       |    14 ||    14
Evoke: Wand              |       |       |     3 ||     3
  Use: Potion            |     2 |     1 |     2 ||     5
       Scroll            |       |     2 |     9 ||    11
 Stab: Sleeping          |     2 |     2 |    18 ||    22
Armor: Robe              |    35 |    43 |   109 ||   187
Dodge: Dodged            |    35 |    69 |   248 ||   352

Table legend: (Time is in decaauts)
 A = Elapsed time spent in this place.
 B = Non-inter-level travel time spent in this place.
 C = Inter-level travel time spent in this place.
 D = Time resting spent in this place.
 E = Time spent auto-exploring this place.
 F = Levels seen in this place.
 G = Mean time per level.
                   A        B        C        D        E       F      G
               +--------+--------+--------+--------+--------+-----+--------+
         Total |   7322 |   7128 |    194 |   1079 |   2585 |   9 |  813.6 |
       Dungeon |   6910 |   6716 |    194 |   1079 |   2585 |   8 |  863.8 |
         Sewer |    412 |    412 |      0 |      0 |      0 |   1 |  412.0 |
               +--------+--------+--------+--------+--------+-----+--------+

Top non-repeatable levels by time:
     D:6: 1221 daAuts
     D:7: 1215 daAuts
     D:5: 1099 daAuts
     D:2: 992 daAuts
     D:4: 913 daAuts
     D:1: 753 daAuts
     D:3: 597 daAuts
   Sewer: 412 daAuts
     D:8: 118 daAuts
